 Dungeon Crawl Stone Soup version 0.25.1-2-g60ff931df9 (webtiles) character file.

Game seed: 17275007189404803572

350 Joeren the Firebug (level 6, -1/41 HPs)
             Began as a Formicid Fire Elementalist on Aug 28, 2020.
             Slain by an orc
             ... wielding a +0 short sword
              (6 damage)
             ... on level 5 of the Dungeon.
             The game lasted 00:20:57 (4311 turns).

Joeren the Firebug (Formicid Fire Elementalist)     Turns: 4311, Time: 00:20:57

Health: -1/41      AC:  2    Str: 13    XL:     6   Next: 92%
Magic:  20/21      EV: 12    Int: 16    God:
Gold:   205        SH:  0    Dex: 11    Spells: 6/13 levels left

rFire    . . .     SeeInvis +   a - +0 dagger
rCold    . . .     Gourm    .   (no shield)
rNeg     + . .     Faith    .   l - +0 robe
rPois    .         Spirit   .   (helmet unavailable)
rElec    .         Reflect  .   (no cloak)
rCorr    .         Harm     .   (no gloves)
MR       .....                  (no boots)
Stlth    ++........             (no amulet)
HPRegen  0.13/turn              i - ring of magical power
MPRegen  0.17/turn              y - ring of positive energy

@: mighty, brilliant, stab
A: permanent stasis, dig shafts and tunnels, four strong arms, antennae 3
a: Dig, Shaft Self


You were on level 5 of the Dungeon.
You were not hungry.

You visited 1 branch of the dungeon, and saw 5 of its levels.

You collected 205 gold pieces.

Inventory:

Hand Weapons
 a - a +0 dagger (weapon)
Missiles
 k - 147 stones (quivered)
 p - 2 silver boomerangs
 B - 5 atropa-tipped darts
Armour
 l - a +0 robe (worn)
 x - the +1 robe of Efreph {*Corrode MP+9 Dex+7 Stlth+}
   (You found it on level 4 of the Dungeon)

   It affects your dexterity (+7).
   It affects your magic capacity (+9).
   It may corrode you when you take damage.
   It makes you more stealthy.
Jewellery
 i - a ring of magical power (left hand)
 u - an uncursed amulet of faith
 y - a ring of positive energy (right hand)
Scrolls
 b - 5 scrolls of identify {unknown}
 j - 2 scrolls of magic mapping {unknown}
 s - 3 scrolls of enchant armour {unknown}
 t - a scroll of fog {unknown}
 v - 3 scrolls of teleportation {unknown}
 w - a scroll of blinking {unknown}
 z - a scroll of immolation {unknown}
 A - a scroll of amnesia {unknown}
Potions
 d - 2 potions of curing
 e - a potion of stabbing
 f - a potion of might
 g - a potion of heal wounds {unknown}
 h - a potion of magic {unknown}
 m - a potion of flight {unknown}
 n - a potion of degeneration {unknown}
 o - a potion of resistance
 q - a potion of haste
Comestibles
 c - 8 rations


   Skills:
 - Level 1.7 Dodging
 - Level 2.4 Stealth
 + Level 4.2 Spellcasting
 + Level 3.4 Conjurations
 + Level 4.8 Fire Magic


You had 6 spell levels left.
You knew the following spells:

 Your Spells              Type           Power        Failure   Level  Hunger
a - Foxfire               Conj/Fire      ###.         3%          1    None
b - Conjure Flame         Conj/Fire      ###.....     9%          3    None
c - Inner Flame           Hex/Fire       ###.....     19%         3    None

Your spell library contained the following spells:

 Spells                   Type           Power        Failure   Level  Hunger
 Sticky Flame             Conj/Fire      ###.....     30%         4    None
 Fireball                 Conj/Fire      ###.......   63%         5    None


Dungeon Overview and Level Annotations

Branches:
Dungeon (5/15)
 Temple: D:4-7

Altars:
Elyvilon
Makhleb


Innate Abilities, Weirdness & Mutations

You cannot be hasted, slowed, berserked, paralysed or teleported.
You can dig through walls and to a lower floor.
Your four strong arms can wield two-handed weapons with a shield.
You have a pair of large antennae on your head. (SInv)


Message History

The orc is lightly wounded.
The orc hits you.
* * * LOW HITPOINT WARNING * * *
It was a potion of might.
You feel very mighty all of a sudden. The orc hits you but does no damage.
The orc priest calls upon Beogh to heal the orc.
The orc's wounds heal themselves!
It was a potion of brilliance.
You feel clever all of a sudden. The orc misses you.
You puncture the orc!
You kill the orc!
You closely miss the orc. The orc hits you with a +0 short sword.
* * * LOW HITPOINT WARNING * * *
You completely miss the orc. The orc hits you with a +0 short sword.
* * * LOW HITPOINT WARNING * * *
You closely miss the orc. The orc hits you but does no damage.
You closely miss the orc. The orc hits you with a +0 short sword.
You die...

####.......###.###....#
..#................รท.#
#.#.>.....###....###.#####
#.#....##.# ####.# #.....#
# #....#....# #.# #####.#
{ #. #.####.####### #.#
#.# #.##......{...... ..#
#####.#
...#......#..###########
#.....#
............oooo@....[.#
#.#####
...####..#...########.##
#.# ...####......#
#.####.## ...#...(....##
#.......# ...#.#(####.#
######### .......######
.......... ..<....#
.#..(....#


You could see an orc priest and 3 orcs.

Vanquished Creatures
  A scorpion (D:5)
  A bullfrog zombie (D:5)
  A hound (D:4)
  2 worker ants (D:4)
  2 gnolls (D:2)
  7 adders
  2 oozes
  2 adder skeletons (D:4)
  4 worms
  3 leopard geckos
  9 orcs
  3 bats
  4 giant cockroaches
  4 goblins
  8 hobgoblins
  6 jackals
  A quokka (D:2)
  A ball python (D:4)
  4 frilled lizards
  10 kobolds
  4 rats
79 creatures vanquished.

Vanquished Creatures (others)
  323 foxfires
323 creatures vanquished.

Grand Total: 402 creatures vanquished

Notes
Turn   | Place    | Note
-------+----------+-------------------------------------------
     0 | D:1      | Joeren the Formicid Fire Elementalist began the quest for
                  | the Orb.
     0 | D:1      | Reached XP level 1. HP: 13/13 MP: 3/3
   122 | D:1      | Reached skill level 1 in Conjurations
   236 | D:1      | You fall into a shaft and drop 1 floor!
   335 | D:2      | Found a white marble altar of Elyvilon.
   348 | D:2      | Reached XP level 2. HP: 19/19 MP: 5/5
   365 | D:2      | Reached XP level 3. HP: 24/24 MP: 4/7
  1075 | D:2      | Reached XP level 4. HP: 29/30 MP: 8/8
  1089 | D:2      | Learned a level 3 spell: Conjure Flame
  1093 | D:2      | Learned a level 3 spell: Inner Flame
  1297 | D:2      | Found a burning altar of Makhleb.
  2119 | D:3      | Reached XP level 5. HP: 35/35 MP: 9/9
  2208 | D:3      | Found a faded altar of an unknown god.
  3100 | D:4      | Reached XP level 6. HP: 18/41 MP: 7/11
  3264 | D:4      | Got a heavily jewelled robe
  3275 | D:4      | Identified the +1 robe of Efreph {*Corrode MP+9 Dex+7
                  | Stlth+} (You found it on level 4 of the Dungeon)
  3300 | D:5      | Entered Level 5 of the Dungeon
  4311 | D:5      | Slain by an orc

Illustrated notes

Levels and vault maps discovered:
D:1:      psy_arrival_statuary, layout_basic
D:2:      layout_loops_cross, nicolae_overflow_crystal_walls, first_ration,
          elyvilon_altar_3
D:3:      layout_rooms, chequers_ecumenical_altar_island, kennysheep_crisscross,
          chequers_garden, kennysheep_generic_room_16
D:4:      layout_rooms, small_statue_intersection
D:5:      layout_basic, marbit_many_paths

Skill      XL: |  1  2  3  4  5  6 |
---------------+-------------------+-----
Conjurations   | 1 2 3 |  3.4
Spellcasting   | 3 4 |  4.2
Fire Magic     | 4 |  4.8
Dodging        | |  1.7
Stealth        | |  2.4

Action                   |  1- 3 |  4- 6 || total
-------------------------+-------+-------++-------
Melee: Dagger            |       |    36 ||    36
Throw: Stone             |     1 |     4 ||     5
 Cast: Foxfire           |    44 |   160 ||   204
       Conjure Flame     |       |     5 ||     5
       Inner Flame       |       |     1 ||     1
  Use: Potion            |       |     5 ||     5
 Stab: Sleeping          |       |     1 ||     1
  Eat: Chunk             |     1 |    10 ||    11
Armor: Robe              |     4 |    12 ||    16
Dodge: Dodged            |     3 |    42 ||    45
